ProzacElf, chaotic male human Monk ---- --..---. ---- |....|... --..-- --....(.- .....--- |......| --.....-- --......- |......----)........ --.....<..(........ |.....q...).).... |.....d@........ |.--....H---- --- ..... ... ProzacElf the Initiate Experience level: 8 Strength: 18 Dexterity: 12 Constitution: 14 Intelligence: 10 Wisdom: 17 Charisma: 7 Health: 0(49) Energy: 34(45) Def: 9 Gold: 0 Moves: 4167 Dungeon seed: CHOYu2mJO-Vk2C7e Game ID: ProzacElf_1497686761 Your Inventory: Weapons j - 16 +0 crossbow bolts (in quiver) w - a +1 dagger I - 26 +0 darts Z - a +0 crossbow (alternate weapon; not wielded) Armor e - an uncursed +2 pair of leather gloves (being worn) n - an uncursed +1 robe (being worn) s - an uncursed +0 mummy wrapping H - an uncursed +0 pair of iron shoes (being worn) N - an uncursed +0 helmet (being worn) Comestibles g - 5 uncursed oranges J - 2 uncursed tins of goblin meat Q - an uncursed tripe ration Rings k - an uncursed ring of sustain ability C - an uncursed +1 ring of increase accuracy R - an uncursed +1 ring of increase damage Wands t - a wand of sleep (0:1) u - a cursed wand of striking (0:7) K - a wand of magic missile (0:2) Tools c - a +0 unicorn horn h - 8 uncursed tallow candles (0:200) i - a magic marker (0:95) m - an uncursed tin opener B - an uncursed lock pick D - an uncursed sack U - an expensive camera (0:62) V - 6 uncursed partly used wax candles (lit) (0:335) Y - an uncursed mirror Gems q - an uncursed chrysoberyl stone Contents of the sack: a +0 axe a +1 dart a poisoned +0 dart 3 uncursed scrolls of blank paper a blessed scroll of confuse monster an uncursed scroll of destroy armor a blessed scroll of food detection an uncursed scroll of identify an uncursed scroll of light an uncursed potion of extra healing an uncursed potion of gain ability 4 uncursed potions of healing an uncursed potion of object detection an uncursed potion of restore ability 2 uncursed potions of see invisible a +0 pick-axe Spells and supernatural/magical abilities: Name Level Category Fail Memory h - healing 1 healing 0% 80% W - pray for help -- divine ? -- Your skills at the end: Fighting Skills martial arts [Expert] Weapon Skills Spellcasting Skills healing spells [Basic] Final Attributes: You were piously aligned. You were sleep resistant. You were poison resistant. You saw invisible. You were warned. You were stealthy. You were fast. You are dead. Vanquished creatures: a large mimic a Grey-elf a soldier an incubus 2 giant beetles a quivering blob a leprechaun 4 giant spiders a gnome king a yeti a lizard a dog a jaguar a white unicorn a dust vortex a raven a gnome mummy a wood nymph a pony a fog cloud 7 gnome lords 6 gnomish wizards a kobold mummy a straw golem a paper golem 3 giant ants a floating eye 10 dwarves a centipede 4 orc zombies 2 iguanas 4 killer bees an acid blob 5 hobbits a large kobold 4 giant rats 2 yellow molds a green mold 39 gnomes 4 garter snakes a gnome zombie 2 geckos 2 jackals 3 goblins a sewer rat 6 grid bugs 5 lichens a kobold zombie 5 newts 148 creatures vanquished. Voluntary challenges: You were vegetarian. You never hit with a wielded weapon. You read items or engraved 7 times, starting on turn 1306. You never genocided any monsters. You never polymorphed an object. You never changed form. You used no wishes. You never split a pudding. You never wrote Elbereth's name. You violated your moral code, losing 1 point of alignment, starting on turn 2941. Dungeon overview: The Dungeons of Doom: levels 1 to 4 Level 1 a fountain a long staircase Level 2 some fountains, a sink Level 3 an altar to Huan Ti, a fountain Level 4 stairs to The Gnomish Mines The Gnomish Mines: levels 5 to 10 Level 5 stairs to The Dungeons of Doom Level 6 Level 7 Level 8 many shops, a temple to Chih Sung-tzu, some fountains Level 9 Level 10 <- You were here History has recorded: On T:1 you entered the Dungeons of Doom to retrieve the Amulet of Yendor! On T:188 you reached level 2 of The Dungeons of Doom. On T:422 you reached level 4 of The Dungeons of Doom. On T:518 you reached level 3 of The Dungeons of Doom. On T:637 you advanced to experience level 2. On T:797 you advanced to experience level 3. On T:1268 you reached level 1 of The Gnomish Mines. On T:1275 you advanced to experience level 4. On T:1373 you advanced to experience level 5. On T:1925 you advanced to experience level 6. On T:2130 you reached level 2 of The Gnomish Mines. On T:2528 you reached level 3 of The Gnomish Mines. On T:2539 you advanced to experience level 7. On T:2785 you reached level 4 of The Gnomish Mines. On T:3411 you reached level 5 of The Gnomish Mines. On T:3433 you advanced to experience level 8. On T:4095 you reached level 6 of The Gnomish Mines. Score breakdown: Gold: 0 ( 0 points) Experience: 8 levels (14739 points) Exploration: 10 levels ( 21.74%) (13416 points) Discoveries: 6 items ( 2.14%) ( 4391 points) Valuables value: (no points given unless you survive) Artifact value: 0 ( 0 points) Variety of kills: 49 monsters ( 12.86%) (10758 points) Turncount: 4167 turns (-1085 points) Survival: died (score multiplied by 80%) Total score: 33775 Latest messages: Gluey eats a Grey-elf corpse. You begin striking monsters with your gloved hands. You hit the lizard. The lizard bites! You hit the lizard! (2x) You kill the lizard! Gluey eats a lizard corpse. You displace Gluey. Gluey hits the gnome. The gnome is killed! This orange is delicious! You finish eating the orange. It is not so easy to open this tin. Gluey hits the gnome. The gnome is killed! Gluey eats a gnome corpse. You stop opening the tin. You hit the mastodon! The mastodon butts! (2x) You die... Final status: Goodbye ProzacElf the Monk, killed by a mastodon... You died in The Gnomish Mines on dungeon level 10 with 33775 points, and 0 pieces of gold, after 4167 moves. You were level 8 with a maximum of 49 hit points when you died.